[Event "Late-Titled-Tuesday-Blitz-June-04-2024"]
[Site "Chess.com"]
[Date "2024.06.04"]
[Round "3"]
[White "YellowJacek"]
[Black "oskariot"]
[Result "0-1"]
[WhiteElo "2393"]
[BlackElo "2692"]
[TimeControl "180+1"]
[EndTime "14:25:20 PDT"]
[Termination "oskariot won by resignation"]

1. e4 c5 2. Nf3 e6 3. d4 cxd4 4. Nxd4 Nf6 5. Nc3 d6 6. g4 e5 7.
Nf5 h5 8. gxh5 Nxh5 9. Ne3 Nc6 10. Ncd5 Be6 11. Bc4 Nf4 12. Nxf4 exf4 13. Nd5 g5 14. c3 Bg7 15. h4 Ne5 16. Bb5+ Kf8 17. b3 Qa5 18. a4 Bxd5 19. exd5 Qxc3+ 20. Bd2 Nf3+ 0-1

[Event "Late-Titled-Tuesday-Blitz-June-04-2024"]
[Site "Chess.com"]
[Date "2024.06.04"]
[Round "3"]
[White "charly871"]
[Black "arnoldpetra"]
[Result "1/2-1/2"]
[WhiteElo "2271"]
[BlackElo "2493"]
[TimeControl "180+1"]
[EndTime "14:25:21 PDT"]
[Termination "Game drawn by repetition"]

1. c4 d6 2. g3 c6 3. Bg2 g6 4. Nc3 Bg7 5. b3 Nf6 6. Bb2 O-O 7. Nf3 Bg4 8. h3 Bxf3 9. Bxf3 d5 10. cxd5 cxd5 11.
O-O Nc6 12. d3 e5 13. Bg2 Re8 14. Rc1 Rc8 15. Na4 b6 16. Qd2 e4 17. dxe4 Nxe4 18.
Bxe4 dxe4 19. Qxd8 Rexd8 20. Bxg7 Kxg7 21. Nc3 f5 22. e3 Ne5 23. Nb5 Nf3+ 24. Kg2 a6 25. Nc7 Kf6 26.
Nxa6 Rxc1 27. Rxc1 Rd2 28. Nb4 h5 29. h4 Ke6 30. Rc6+ Kd7 31. Rxb6 Rd1 32. Rxg6 Rg1+ 33. Kh3 Rh1+ 34. Kg2 Rg1+ 35. Kh3 Rf1 36. Kg2 Rg1+ 1/2-1/2

[Event "Late-Titled-Tuesday-Blitz-June-04-2024"]
[Site "Chess.com"]
[Date "2024.06.04"]
[Round "3"]
[White "Jakhongir-Vakhidov"]
[Black "azzbrn"]
[Result "1-0"]
[WhiteElo "2954"]
[BlackElo "2513"]
[TimeControl "180+1"]
[EndTime "14:25:24 PDT"]
[Termination "Jakhongir-Vakhidov won by resignation"]

1. c4 Nf6 2. Nc3 g6 3. g3 Bg7 4. Bg2 O-O 5. d4 c6 6. e4 d5 7.
e5 Ne4 8. cxd5 Nxc3 9. bxc3 cxd5 10. Ne2 b6 11. Nf4 e6 12. h4 h6 13. h5 g5 14. Nh3 Ba6 15. Nxg5 hxg5 16. h6 Bxe5 17. dxe5 Nd7 18. Qh5 Nxe5 19. Bxg5 f6 20. Bf4 Nd3+ 21.
Kd2 Kh7 22. Bf1 Nxf4 23. gxf4 Bxf1 24. Rg1 Qe8 25. Rg7+ Kh8 26. Qg4 f5 27. Rh7+ 1-0

[Event "Late-Titled-Tuesday-Blitz-June-04-2024"]
[Site "Chess.com"]
[Date "2024.06.04"]
[Round "3"]
[White "mbojan"]
[Black "2346PL"]
[Result "1-0"]
[WhiteElo "2842"]
[BlackElo "2549"]
[TimeControl "180+1"]
[EndTime "14:25:25 PDT"]
[Termination "mbojan won by resignation"]

1. a3 e5 2. e3 f5 3. d4 exd4 4. exd4 Nf6 5. Bd3 g6 6. Ne2 Bg7 7. Nbc3 O-O 8. Bf4 b6 9. Qd2 Bb7 10. f3 Re8 11. O-O-O d6 12. Bh6 Bh8 13. h4 Nbd7 14.
h5 d5 15. hxg6 hxg6 16. Qg5 Kf7 17. Nf4 Rg8 18. g4 Nh7 19. Qxd8 Raxd8 20. gxf5 g5 21. Nfxd5 Bxd4 22. Bc4 Ne5 23. Rxd4 Nxc4 24. Rxc4 Bxd5 25. Rxc7+ Kf6 26. Nxd5+ Rxd5 27. Rxh7 Rxf5 28. Rxa7 Rxf3 29. Ra6 Rb8 30. Rg1 Rf5 31. b4 Kg6 32. Bxg5 Rxg5 33.
Rxg5+ Kxg5 34. Kb2 Kf5 35. Kb3 Ke5 36. a4 Kd5 37. a5 b5 38. Rb6 Rxb6 39. axb6 Kc6 40. Kc3 Kxb6 41. Kd4 Kc6 42. Ke5 1-0

[Event "Late-Titled-Tuesday-Blitz-June-04-2024"]
[Site "Chess.com"]
[Date "2024.06.04"]
[Round "3"]
[White "N_I_Chess"]
[Black "GlavkonVVS"]
[Result "0-1"]
[WhiteElo "2287"]
[BlackElo "2548"]
[TimeControl "180+1"]
[EndTime "14:25:27 PDT"]
[Termination "GlavkonVVS won by resignation"]

1. d4 Nf6 2. c4 c5 3. d5 e6 4.
Nc3 exd5 5. cxd5 d6 6. e4 g6 7. f4 Bg7 8. Nf3 O-O 9. Be2 Re8 10. e5 dxe5 11. fxe5 Ng4 12. Bg5 Qb6 13. O-O Qxb2 14. Na4 Qa3 15. Bc1 Qb4 16. Rb1 Qxb1 17. e6 fxe6 18.
a3 exd5 19. Bd3 Qa1 20. Bb5 Nc6 21. Qxd5+ Be6 22. Qxc5 Nge5 23. Be3 Nxf3+ 24. gxf3 Qe5 0-1

[Event "Late-Titled-Tuesday-Blitz-June-04-2024"]
[Site "Chess.com"]
[Date "2024.06.04"]
[Round "3"]
[White "A4RookA3"]
[Black "FairChess_on_YouTube"]
[Result "0-1"]
[WhiteElo "2519"]
[BlackElo "3070"]
[TimeControl "180+1"]
[EndTime "14:25:29 PDT"]
[Termination "FairChess_on_YouTube won by checkmate"]

1. d4 Nf6 2. Bf4 g6 3. Nc3 Bg7 4. e4 d6 5. Qd2 a6 6. Bh6 Bxh6 7.
Qxh6 b5 8. Bd3 b4 9. Nce2 Nc6 10. Nf3 Bg4 11. Qf4 Bxf3 12. Qxf3 e5 13. Qe3 Ng4 14. Qg3 h5 15. h3 Nf6 16. Qe3 Qe7 17. a3 bxa3 18. Rxa3 O-O 19. O-O Rfb8 20. b3 d5 21. Rxa6 Rxa6 22. Bxa6 Nb4 23. Bd3 dxe4 24. Bc4 Kg7 25.
dxe5 Qxe5 26. Qd4 Nc6 27. Qc3 Rd8 28. Ra1 h4 29. Qxe5 Nxe5 30. Ra7 g5 31. Rxc7 Rd1+ 32. Kh2 Neg4+ 33. hxg4 Nxg4+ 34. Kh3 Nxf2+ 35. Kh2 Rh1# 0-1

[Event "Late-Titled-Tuesday-Blitz-June-04-2024"]
[Site "Chess.com"]
[Date "2024.06.04"]
[Round "3"]
[White "LikeWater"]
[Black "Pitomina"]
[Result "0-1"]
[WhiteElo "2722"]
[BlackElo "2502"]
[TimeControl "180+1"]
[EndTime "14:25:29 PDT"]
[Termination "Pitomina won on time"]

1. e4 e5 2. Nf3 Nc6 3. d4 exd4 4.
Nxd4 Qf6 5. Nxc6 dxc6 6. Qf3 Be6 7. Nc3 Bb4 8. Bd2 O-O-O 9. O-O-O Qg6 10. h3 Ne7 11.
Bd3 Kb8 12. g4 h5 13. g5 h4 14. Rhg1 Qh5 15. Qxh5 Rxh5 16. f4 Bxh3 17. f5 Bc5 18.
Rh1 Bg2 19. Rdg1 Bxg1 20. Rxg1 h3 0-1

[Event "Late-Titled-Tuesday-Blitz-June-04-2024"]
[Site "Chess.com"]
[Date "2024.06.04"]
[Round "3"]
[White "Defenstrator"]
[Black "MikeSailer"]
[Result "1-0"]
[WhiteElo "2380"]
[BlackElo "2124"]
[TimeControl "180+1"]
[EndTime "14:25:31 PDT"]
[Termination "Defenstrator won by resignation"]

1. d4 d5 2. Nf3 Nf6 3. g3 g6 4.
Bg2 Bg7 5. O-O O-O 6. c4 c6 7. Nc3 b6 8. Ne5 Bb7 9. e4 dxe4 10. Nxe4 Nxe4 11. Bxe4 a5 12. Be3 Ra7 13. Qf3 Qc8 14. h4 c5 15. dxc5 bxc5 16. Nd3 Nd7 17. Rad1 Ne5 18. Nxe5 Bxe5 19. Bxb7 Rxb7 20. Bxc5 Rxb2 21.
Bxe7 Re8 22. Bf6 Bxf6 23. Qxf6 Qxc4 24. Qxb2 1-0

[Event "Late-Titled-Tuesday-Blitz-June-04-2024"]
[Site "Chess.com"]
[Date "2024.06.04"]
[Round "3"]
[White "mohssenbinaddi"]
[Black "ChessSwole"]
[Result "0-1"]
[WhiteElo "2319"]
[BlackElo "2702"]
[TimeControl "180+1"]
[EndTime "14:25:39 PDT"]
[Termination "ChessSwole won by resignation"]

1. Nf3 Nf6 2. g3 g6 3. Bg2 Bg7 4. O-O c5 5. c3 O-O 6. d4 cxd4 7. cxd4 d6 8. Nc3 Nc6 9. h3 e5 10. dxe5 dxe5 11. Qxd8 Rxd8 12. Bg5 h6 13. Be3 Be6 14. Rfd1 Nd5 15. Nxd5 Bxd5 16. Nd2 Bxg2 17. Kxg2 Nd4 18. Bxd4 exd4 19. Ne4 Re8 20. Kf3 Re7 21. Rac1 Rae8 22. Nd6 Rd8 23. Nb5 a6 24. Na3 d3 25. Nc4 Rxe2 26. Rxd3 Rxf2+ 27. Kxf2 Rxd3 28. Rc2 Bd4+ 29. Kg2 Kg7 30. Nd6 b5 31. Ne8+ Kf8 32. Nc7 Be5 33. Nxa6 Rxg3+ 34. Kf1 Rxh3 0-1

[Event "Late-Titled-Tuesday-Blitz-June-04-2024"]
[Site "Chess.com"]
[Date "2024.06.04"]
[Round "3"]
[White "merinasian"]
[Black "AradNazari"]
[Result "0-1"]
[WhiteElo "2481"]
[BlackElo "2736"]
[TimeControl "180+1"]
[EndTime "14:25:40 PDT"]
[Termination "AradNazari won by resignation"]

1. d4 c6 2. Nf3 Na6 3. c4 Nc7 4. Nc3 d5 5. Bf4 Nf6 6. e3 Ne6 7. Be5 dxc4 8. Bxc4 Ng4 9. Bg3 g6 10.
O-O Bg7 11. h3 Nf6 12. Qe2 O-O 13. a3 Nc7 14. e4 Nh5 15. Bh2 Ne6 16. d5 Nef4 17. Qe3 Bh6 18. Qd4 Bxh3 19. gxh3 Qd7 20. Ne1 Qxh3 21. Ne2 Qg4+ 22. Ng3 cxd5 23. Bd3 Rad8 24.
Qe3 Nh3+ 0-1

[Event "Late-Titled-Tuesday-Blitz-June-04-2024"]
[Site "Chess.com"]
[Date "2024.06.04"]
[Round "3"]
[White "ChessSG1"]
[Black "AldokhinIvan"]
[Result "1-0"]
[WhiteElo "2482"]
[BlackElo "2637"]
[TimeControl "180+1"]
[EndTime "14:25:42 PDT"]
[Termination "ChessSG1 won on time"]

1. c4 Nf6 2. g3 g6 3. Bg2 Bg7 4. Nc3 O-O 5. e4 d6 6. Nge2 Nbd7 7. O-O e5 8. d3 Ne8 9. Be3 f5 10. d4 Nef6 11. exf5 gxf5 12. dxe5 Nxe5 13. h3 Kh8 14. b3 Qe8 15. Re1 Qf7 16. Rc1 a6 17. Nf4 Ng6 18. Nxg6+ Qxg6 19. c5 Nh5 20. Bf3 Nf6 21.
cxd6 f4 22. Bxf4 1-0

[Event "Late-Titled-Tuesday-Blitz-June-04-2024"]
[Site "Chess.com"]
[Date "2024.06.04"]
[Round "3"]
[White "Heydarli77"]
[Black "ansko1999"]
[Result "0-1"]
[WhiteElo "2458"]
[BlackElo "2637"]
[TimeControl "180+1"]
[EndTime "14:25:46 PDT"]
[Termination "ansko1999 won by checkmate"]

1. d4 d5 2. c4 c5 3. dxc5 d4 4.
Nf3 Nc6 5. e3 e5 6. exd4 exd4 7.
Bd3 Bxc5 8. O-O Nge7 9. a3 a5 10. h3 O-O 11. Bf4 Bf5 12. Qc2 Qd7 13. Nbd2 Bxd3 14.
Qxd3 Ng6 15. Bh2 Rae8 16. Rfe1 h6 17. Re4 Rxe4 18. Nxe4 b6 19. Re1 Rd8 20. Ned2 Re8 21. Re4 Rxe4 22. Qxe4 d3 23. Ne1 Bd4 24. Nxd3 Bxb2 25.
a4 Nb4 26. Nxb2 Qxd2 27. Qb1 Na2 28. Nd1 Qe1# 0-1

[Event "Late-Titled-Tuesday-Blitz-June-04-2024"]
[Site "Chess.com"]
[Date "2024.06.04"]
[Round "3"]
[White "ACollins05"]
[Black "xasid81"]
[Result "0-1"]
[WhiteElo "2446"]
[BlackElo "2635"]
[TimeControl "180+1"]
[EndTime "14:25:49 PDT"]
[Termination "xasid81 won by resignation"]

1. Nf3 a6 2. e4 c6 3. d4 d5 4. Nc3 dxe4 5. Nxe4 Nf6 6. Bd3 Nxe4 7. Bxe4 Bf5 8. Bxf5 Qa5+ 9. c3 Qxf5 10. O-O Nd7 11. Re1 e6 12. Ne5 Nxe5 13. Rxe5 Qg6 14. Qf3 Bd6 15.
Rg5 Qf6 16. Qxf6 gxf6 17. Rh5 Ke7 18. Be3 Rag8 19. a4 f5 20. Kf1 Rg6 21. g3 Kd7 22. Ke2 Rf6 23. f4 Rg6 24. Kd3 h6 25. b4 Ra8 26. a5 Ke7 27. Rg1 Rh8 28. Ke2 Kf8 29.
Kf3 Rhg8 30. h3 Be7 31. g4 fxg4+ 32. Rxg4 f5 33. Rxg6 Rxg6 34. Bf2 Kf7 35. Ke3 Rf6 36. Bh4 Kg6 37. Bxf6 Bxf6 38. Rxh6+ Kxh6 39. Kf3 Kh5 40. Kg3 Bh4+ 41. Kg2 Be1 0-1

[Event "Late-Titled-Tuesday-Blitz-June-04-2024"]
[Site "Chess.com"]
[Date "2024.06.04"]
[Round "3"]
[White "albayo"]
[Black "katharinareinecke"]
[Result "1-0"]
[WhiteElo "2335"]
[BlackElo "1965"]
[TimeControl "180+1"]
[EndTime "14:25:52 PDT"]
[Termination "albayo won by resignation"]

1. e4 c6 2. d4 d5 3. exd5 cxd5 4. Bd3 Nc6 5. c3 Qc7 6. h3 g6 7. Ne2 Bf5 8. Bf4 Qc8 9. O-O Bxd3 10. Qxd3 Bg7 11. Nd2 e6 12. c4 Nge7 13. Bd6 O-O 14. cxd5 exd5 15. Rac1 Re8 16. Nf3 Nf5 17. Ba3 Qe6 18. Nf4 Qd7 19. Rfe1 Rxe1+ 20. Rxe1 Re8 21. Rxe8+ Qxe8 22. Nxd5 Ncxd4 23. Nxd4 Nxd4 24. Ne7+ Kh8 25. Qe4 b6 26. Nxg6+ hxg6 27. Qxe8+ Kh7 28. Qxf7 1-0

[Event "Late-Titled-Tuesday-Blitz-June-04-2024"]
[Site "Chess.com"]
[Date "2024.06.04"]
[Round "3"]
[White "Alina_Gumerovna"]
[Black "Pachonpower"]
[Result "0-1"]
[WhiteElo "2114"]
[BlackElo "2374"]
[TimeControl "180+1"]
[EndTime "14:25:53 PDT"]
[Termination "Pachonpower won on time"]

1. e4 c5 2. Nf3 d6 3. d4 cxd4 4. Nxd4 Nf6 5. Nc3 a6 6. f3 e6 7. Be3 Nc6 8. Qd2 Be7 9. O-O-O Bd7 10. h4 b5 11. Kb1 Rc8 12. h5 Ne5 13. g4 Qa5 14. g5 Ng8 15. f4 Nc4 16. Bxc4 Rxc4 17. f5 b4 18. Nce2 e5 19. Nb3 Qc7 20. Qd5 Qc6 21. Qa5 Qb5 22. Qxb5 Bxb5 0-1

[Event "Late-Titled-Tuesday-Blitz-June-04-2024"]
[Site "Chess.com"]
[Date "2024.06.04"]
[Round "3"]
[White "chessdjw"]
[Black "Hikaru"]
[Result "0-1"]
[WhiteElo "2770"]
[BlackElo "3226"]
[TimeControl "180+1"]
[EndTime "14:25:56 PDT"]
[Termination "Hikaru won by resignation"]

1. e4 g6 2. d4 c6 3. Nc3 d5 4. e5 a6 5. f4 h5 6. Nf3 Bg4 7. Be3 e6 8. h3 Bxf3 9. Qxf3 h4 10. Bd3 Nd7 11. Ne2 c5 12. c3 Rc8 13. O-O Ne7 14.
Kh1 Nf5 15. Bf2 Be7 16. a4 cxd4 17. Nxd4 Nc5 18. Bc2 Kf8 19. a5 Kg7 20. Rfd1 Nxd4 21. Bxd4 Nd7 22. f5 gxf5 23. Bxf5 exf5 24. Qxf5 Nf8 25. e6+ f6 26. Ra4 Qe8 27. Rf1 Rh6 28. Be3 Qxa4 29. Bxh6+ Kxh6 30. Rf4 Qd1+ 31. Kh2 Bd6 32.
Qxf6+ Ng6 0-1

[Event "Late-Titled-Tuesday-Blitz-June-04-2024"]
[Site "Chess.com"]
[Date "2024.06.04"]
[Round "3"]
[White "rdarruda"]
[Black "jucAxx"]
[Result "0-1"]
[WhiteElo "2524"]
[BlackElo "2318"]
[TimeControl "180+1"]
[EndTime "14:25:56 PDT"]
[Termination "jucAxx won by checkmate"]

1. d4 f5 2. h3 d6 3. e3 c6 4.
g4 Nf6 5. g5 Ne4 6. h4 Be6 7.
Bg2 Bd5 8. f3 Ng3 9. Rh3 Nh5 10.
e4 Bf7 11. Ne2 Nd7 12. Nbc3 Qa5 13. Be3 Nb6 14. b3 Be6 15. Rh1 g6 16. Qd2 Bg7 17.
Rd1 fxe4 18. Nxe4 Qxa2 19. Kf2 Bxb3 20. cxb3 Qxb3 21. Rhf1 O-O 22. Kg1 Nd5 23. Bf2 b5 24.
N4c3 Ndf4 25. Nc1 Qf7 26. Be3 Ng3 27. Rf2 Nxg2 28. Kxg2 Nf5 29. Kh3 Qe6 30. Bf4 Bxd4 31. Re1 Ne3+ 32. Kg3 Rxf4 33. Kxf4 Qe5# 0-1

[Event "Late-Titled-Tuesday-Blitz-June-04-2024"]
[Site "Chess.com"]
[Date "2024.06.04"]
[Round "3"]
[White "Oleg_Papayan"]
[Black "rhwr"]
[Result "1-0"]
[WhiteElo "2563"]
[BlackElo "2284"]
[TimeControl "180+1"]
[EndTime "14:25:57 PDT"]
[Termination "Oleg_Papayan won by resignation"]

1. e4 c5 2. d4 Nf6 3. e5 Nd5 4. c4 Nb6 5. dxc5 e6 6. cxb6 Qxb6 7. Nf3 Nc6 8. Bd3 Qc7 9. Qe2 d6 10. exd6 Bxd6 11. O-O Bd7 12. Nc3 a6 13. Ne4 Be7 14. c5 Rd8 15. Be3 h6 16. Rfd1 O-O 17. Nd6 f5 18. Bc4 Na5 19. b4 Nxc4 20. Qxc4 b5 21. cxb6 Qxc4 22. Nxc4 Bxb4 23. Nfe5 Ba4 24. Rxd8 Rxd8 25.
Rb1 Bc2 26. Rc1 Be4 27. f3 Bb7 28. a3 Be7 29. Na5 Bd5 30. Bc5 Bg5 31. Rd1 Rc8 32.
b7 Rb8 33. Nd7 Bf4 34. Nxb8 Bxb8 35. Rxd5 exd5 36. Nc6 Bf4 37. g3 Bc7 1-0

[Event "Late-Titled-Tuesday-Blitz-June-04-2024"]
[Site "Chess.com"]
[Date "2024.06.04"]
[Round "3"]
[White "Der_Honigdachs"]
[Black "CMmauricio"]
[Result "1-0"]
[WhiteElo "2540"]
[BlackElo "2791"]
[TimeControl "180+1"]
[EndTime "14:26:02 PDT"]
[Termination "Der_Honigdachs won by resignation"]

1. e4 e6 2. d4 d5 3. exd5 exd5 4.
h3 Bd6 5. Nf3 Ne7 6. Bd3 Nbc6 7.
O-O Bf5 8. Re1 Qd7 9. Nc3 O-O-O 10. Nb5 f6 11. Nxd6+ Qxd6 12. c3 g5 13. b4 Bxd3 14.
Qxd3 Rdg8 15. a4 g4 16. hxg4 Rxg4 17. b5 Rhg8 18. bxc6 Rxg2+ 19. Kf1 Nxc6 20. Qf5+ Kb8 21. Ba3 Qd8 22. Re6 Na5 23. Rae1 Nc4 24. Be7 Qd7 25. Rxf6 Qxf5 26. Rxf5 c6 27. Rf8+ Rxf8 28. Bxf8 Rg6 29. Ne5 Nxe5 30. dxe5 Kc8 1-0

[Event "Late-Titled-Tuesday-Blitz-June-04-2024"]
[Site "Chess.com"]
[Date "2024.06.04"]
[Round "3"]
[White "simaopdias"]
[Black "Chessdreamer2020"]
[Result "0-1"]
[WhiteElo "2221"]
[BlackElo "2527"]
[TimeControl "180+1"]
[EndTime "14:26:02 PDT"]
[Termination "Chessdreamer2020 won by resignation"]

1. e4 d6 2. Nc3 Nf6 3. d4 c6 4.
Bg5 Nbd7 5. Qd2 e5 6. dxe5 dxe5 7. O-O-O Qa5 8. Kb1 Bb4 9. f3 Bxc3 10. Qxc3 Qxc3 11. bxc3 h6 12. Be3 b6 13. Bc4 b5 14. Bb3 a5 15. a4 Rb8 16. Ka2 Nb6 17. Bxb6 Rxb6 18. Ne2 Ke7 19. Rd2 Rd8 20. Rhd1 Rxd2 21. Rxd2 Nd7 22.
axb5 cxb5 23. Bd5 Nf6 24. Ng3 Nxd5 25. Rxd5 Be6 26. Nf5+ Kf8 27. Ne3 Bxd5+ 28. Nxd5 Rg6 29. g3 Rc6 30. Kb3 Ke8 31. Ne3 g6 32. Nd5 Kd7 33. Ka3 Ke6 34. Kb3 f5 35. Ka3 Rc5 36. Kb3 Rxd5 37. exd5+ Kxd5 0-1

[Event "Late-Titled-Tuesday-Blitz-June-04-2024"]
[Site "Chess.com"]
[Date "2024.06.04"]
[Round "3"]
[White "osielchesslover2011"]
[Black "pavelalexandru07"]
[Result "0-1"]
[WhiteElo "2228"]
[BlackElo "2464"]
[TimeControl "180+1"]
[EndTime "14:26:07 PDT"]
[Termination "pavelalexandru07 won on time"]

1. e4 c5 2. Nf3 d6 3. d4 cxd4 4. Nxd4 Nf6 5. Nc3 a6 6. Bg5 Nbd7 7. f4 Qc7 8. Qf3 h6 9. Bh4 g5 10. fxg5 hxg5 11. Bg3 Nc5 12. Nf5 Ncd7 13. O-O-O g4 14. Qe3 Ne5 15. Bxe5 dxe5 16. Kb1 e6 17. Ng3 Be7 18. Bd3 Bd7 19. Rhf1 O-O-O 20. Be2 Rxh2 21. Qg1 Rdh8 0-1

[Event "Late-Titled-Tuesday-Blitz-June-04-2024"]
[Site "Chess.com"]
[Date "2024.06.04"]
[Round "3"]
[White "GMthekingindian"]
[Black "Sanyura"]
[Result "1-0"]
[WhiteElo "2367"]
[BlackElo "2548"]
[TimeControl "180+1"]
[EndTime "14:26:09 PDT"]
[Termination "GMthekingindian won by resignation"]

1. e4 c5 2. Nf3 Nc6 3. c3 g6 4. d4 cxd4 5. cxd4 d5 6. exd5 Qxd5 7.
Nc3 Qa5 8. d5 Nb8 9. Qd4 Nf6 10.
d6 Nc6 11. Bb5 Bd7 12. Bxc6 Bxc6 13. O-O O-O-O 14. Bf4 Bg7 15. b4 Qf5 16. Rac1 Nh5 17. Qxa7 Nxf4 18. b5 Qg4 19. Qa8+ Kd7 20. bxc6+ Kxd6 21. Rfd1+ Ke6 22. Re1+ Kf5 23. Qa5+ Rd5 24. Qxd5+ Nxd5 25.
Nxd5 e5 26. Ne3+ Kf4 27. Nxg4 Kxg4 28. c7 Rc8 29. Re4+ Kf5 30. Re2 Ke6 31. Rd2 f5 32. Rd8 1-0

[Event "Late-Titled-Tuesday-Blitz-June-04-2024"]
[Site "Chess.com"]
[Date "2024.06.04"]
[Round "3"]
[White "NoSpaghettiForYou"]
[Black "IlyaGrigorjev"]
[Result "0-1"]
[WhiteElo "2543"]
[BlackElo "2832"]
[TimeControl "180+1"]
[EndTime "14:26:12 PDT"]
[Termination "IlyaGrigorjev won by resignation"]

1. Nc3 Nf6 2. e4 e5 3. g3 d5 4.
exd5 c6 5. d4 exd4 6. Qxd4 cxd5 7.
Bb5+ Nc6 8. Bg5 Be7 9. Qa4 O-O 10.
O-O-O a6 11. Bxc6 bxc6 12. Qxc6 Be6 13. Bxf6 Bxf6 14. Nxd5 Rc8 15. Nxf6+ Qxf6 16. Qf3 Qg6 17. Rd2 Bf5 18. Qb3 Rb8 19. Qa4 Rfc8 20. Ne2 Qb6 21. Qd4 Qc6 22. Qd5 Qxd5 23. Rxd5 Be4 0-1

[Event "Late-Titled-Tuesday-Blitz-June-04-2024"]
[Site "Chess.com"]
[Date "2024.06.04"]
[Round "3"]
[White "Kapitan_Bayan"]
[Black "andrew-blr"]
[Result "1-0"]
[WhiteElo "2371"]
[BlackElo "2628"]
[TimeControl "180+1"]
[EndTime "14:26:12 PDT"]
[Termination "Kapitan_Bayan won by resignation"]

1. e4 c5 2. Nf3 e6 3. d4 cxd4 4. Nxd4 Bc5 5. Nb3 Bb6 6. Nc3 Ne7 7. Bd3 O-O 8. Qe2 f5 9. exf5 Nxf5 10. Bd2 Nc6 11.
Bxf5 Rxf5 12. f3 d5 13. O-O-O e5 14. Rhe1 d4 15. Ne4 a5 16. a4 Be6 17. Nbc5 Bd5 18. Nxb7 Qd7 19. Nbc5 Qc7 20. g4 Rff8 21. b3 Nb4 22.
Bxb4 axb4 23. Qb5 Ra5 24. Qd7 Rxc5 25. Nxc5 Qxc5 26. Rxe5 Qc3 27. Qxd5+ Kh8 28. Kb1 d3 29. Rxd3 Qc8 30. Qc4 Qb8 31. Qxb4 1-0

[Event "Late-Titled-Tuesday-Blitz-June-04-2024"]
[Site "Chess.com"]
[Date "2024.06.04"]
[Round "3"]
[White "gamboajp"]
[Black "dosto07"]
[Result "0-1"]
[WhiteElo "2068"]
[BlackElo "2524"]
[TimeControl "180+1"]
[EndTime "14:26:15 PDT"]
[Termination "dosto07 won by resignation"]

1. c4 e5 2. Nc3 Nf6 3. g3 Nc6 4. Bg2 Bb4 5. Nd5 Bc5 6. e3 a6 7. Ne2 d6 8. O-O O-O 9. h3 Nxd5 10. cxd5 Ne7 11. d4 Ba7 12. dxe5 dxe5 13. b4 Nf5 14. Qb3 Nd6 15. Bb2 Qe7 16. Rac1 b5 17.
a4 Nc4 18. Rxc4 bxc4 19. Qxc4 Bb7 20. Rc1 Rac8 21. Nc3 Rfd8 22. b5 a5 23. Ne4 Bxd5 24.
Nf6+ Qxf6 25. Bxd5 Bb6 26. Kg2 h5 27. h4 Rd7 28.
Bb7 Rcd8 29. Rc2 Rd2 30. Be4 Qxf2+ 0-1

[Event "Late-Titled-Tuesday-Blitz-June-04-2024"]
[Site "Chess.com"]
[Date "2024.06.04"]
[Round "3"]
[White "GiorgianBarbosa"]
[Black "jinxy2009"]
[Result "1-0"]
[WhiteElo "2501"]
[BlackElo "2258"]
[TimeControl "180+1"]
[EndTime "14:26:15 PDT"]
[Termination "GiorgianBarbosa won by checkmate"]

1. d4 d5 2. c4 c6 3. Nc3 Nf6 4. Nf3 e6 5. e3 Nbd7 6. Be2 Bd6 7.
O-O O-O 8. a4 dxc4 9. Nd2 e5 10.
Nxc4 Bc7 11. a5 exd4 12. exd4 Nd5 13. a6 bxa6 14. Nxd5 cxd5 15. Ne3 Nf6 16. Bf3 Qd6 17. g3 Bh3 18. Re1 Rfe8 19. Qd3 Rab8 20. Rxa6 Rb6 21. Rxa7 Bb8 22. Ra8 Qc6 23. Ra5 Be6 24. Kg2 h6 25. h4 Rd8 26. Nf5 Bd6 27. Nxh6+ gxh6 28. Rxe6 fxe6 29.
Qg6+ Kf8 30. Qxf6+ Ke8 31. Qxe6+ Kf8 32. Bxh6# 1-0

[Event "Late-Titled-Tuesday-Blitz-June-04-2024"]
[Site "Chess.com"]
[Date "2024.06.04"]
[Round "3"]
[White "wonderfultime"]
[Black "HeinichessPY"]
[Result "1-0"]
[WhiteElo "3049"]
[BlackElo "2280"]
[TimeControl "180+1"]
[EndTime "14:26:17 PDT"]
[Termination "wonderfultime won by resignation"]

1. d4 Nf6 2. Nf3 g6 3. Bg5 Bg7 4. Nbd2 d5 5. c3 O-O 6. e3 b6 7. Bd3 Ba6 8. Bxa6 Nxa6 9. Qe2 Nb8 10. e4 dxe4 11. Nxe4 Nbd7 12. O-O c5 13. Rad1 Qc7 14.
Rfe1 Nxe4 15. Qxe4 Nf6 16. Qxe7 Qxe7 17. Rxe7 Nd5 18. Rd7 Nf6 19. Rb7 cxd4 20. Nxd4 Ne4 21. Be7 Rfe8 22. Nc6 Nc5 23. Bxc5 bxc5 24. Kf1 Bf6 25.
Rd6 Kg7 26. Rdd7 Rf8 27. Rxa7 Rac8 28. Rac7 Ra8 29. a3 Ra4 30. g3 h5 31. h4 Ra6 32.
Kg2 Rb6 33. b4 Bxc3 34. bxc5 Ra6 35. Nd8 Rxd8 36. Rxd8 Ba5 37. Rd6 Ra8 38. Rb7 Bd8 39.
Rdd7 1-0

[Event "Late-Titled-Tuesday-Blitz-June-04-2024"]
[Site "Chess.com"]
[Date "2024.06.04"]
[Round "3"]
[White "Arimin1329"]
[Black "IMJonathanCarlstedt"]
[Result "0-1"]
[WhiteElo "2355"]
[BlackElo "2567"]
[TimeControl "180+1"]
[EndTime "14:26:20 PDT"]
[Termination "IMJonathanCarlstedt won by resignation"]

1. Nf3 c5 2. c4 g6 3. Nc3 Bg7 4. Qc2 Nc6 5. a3 Nf6 6. g3 O-O 7. Bg2 b6 8. Ne5 Bb7 9. Nxc6 Bxc6 10. Bxc6 dxc6 11. O-O h5 12. d3 h4 13. Bg5 h3 14. Qd2 Qd7 15. Bh6 Ng4 16. Bxg7 Kxg7 17. Qf4 e5 18. Qf3 f5 19. Rad1 Qe6 20. b4 cxb4 21.
axb4 a5 22. b5 c5 23. Nd5 Ra7 24. e3 a4 25. Ra1 a3 26. Ra2 e4 27. Qe2 Ne5 28. dxe4 fxe4 29. Nf4 Qf6 30. Rfa1 Nf3+ 31.
Kh1 g5 32. Nd5 Qe5 33. Nxb6 Qc3 34. Nd5 Qd3 35. Qxd3 exd3 36. Rxa3 Rxa3 37. Rxa3 d2 38. Nc3 Nd4 39. exd4 Re8 0-1

[Event "Late-Titled-Tuesday-Blitz-June-04-2024"]
[Site "Chess.com"]
[Date "2024.06.04"]
[Round "3"]
[White "Mops_2004"]
[Black "maximnovik"]
[Result "1-0"]
[WhiteElo "2791"]
[BlackElo "2503"]
[TimeControl "180+1"]
[EndTime "14:26:23 PDT"]
[Termination "Mops_2004 won by resignation"]

1. g3 Nf6 2. Bg2 d5 3. Nf3 g6 4. b3 Bg7 5. Bb2 c5 6. c4 d4 7. b4 Nfd7 8. e3 O-O 9. exd4 cxb4 10. Qc2 Nb6 11. d3 Bg4 12. Nbd2 a5 13. O-O Qd7 14.
d5 Bxb2 15. Qxb2 Na4 16. Qd4 Nc3 17. Rfe1 Bxf3 18. Nxf3 Na6 19. Qh4 h5 20. Rxe7 Qg4 21.
Qf6 Qf5 22. Qxf5 gxf5 23. Nh4 Rfe8 24. d6 Rxe7 25. dxe7 Re8 26. Nxf5 Nc5 27. d4 N5e4 28. Bxe4 Nxe4 29. Re1 Nd2 30. Nd6 Nf3+ 31. Kf1 Nxe1 32.
Nxe8 1-0

[Event "Late-Titled-Tuesday-Blitz-June-04-2024"]
[Site "Chess.com"]
[Date "2024.06.04"]
[Round "3"]
[White "annasargsyan_m"]
[Black "janhelmer03"]
[Result "1-0"]
[WhiteElo "2585"]
[BlackElo "2391"]
[TimeControl "180+1"]
[EndTime "14:26:24 PDT"]
[Termination "annasargsyan_m won by resignation"]

1. d4 d5 2. c4 e6 3. Nc3 Nf6 4. Nf3 c6 5. e3 Nbd7 6. Bd3 dxc4 7. Bxc4 b5 8. Bd3 Bb7 9. a4 b4 10. Ne4 c5 11. Ned2 a5 12. O-O Be7 13. Qe2 O-O 14. Nc4 cxd4 15. exd4 Nb6 16. Nce5 Nbd5 17. Bd2 Qb6 18.
Rac1 Rac8 19. h3 Rfd8 20. Ng5 Rf8 21. Rfd1 h6 22. Ne4 Rxc1 23. Bxc1 Qxd4 24. Nxf6+ Kh8 25. Qe4 Qxe4 26. Nxe4 f5 27. Ng6+ Kg8 28. Nxe7+ Nxe7 29. Nc5 Bd5 30. Re1 Rf6 31. Bf4 Rg6 32. g3 h5 33. h4 Kf7 34. Nd7 Nc6 35. Bb5 Ke7 36. Bxc6 Bxc6 37. Ne5 1-0